 Dungeon Crawl Stone Soup version 0.21.0-24-g2553a33 (webtiles) character file.

429 tidbits the Firebug (level 6, 44/44 HPs)
             Began as a Gnoll Fire Elementalist on Jan 19, 2018.
             Was an Initiate of Cheibriados.
             Quit the game on level 6 of the Dungeon.
             The game lasted 00:09:47 (1069 turns).

tidbits the Firebug (Gnoll Fire Elementalist)       Turns: 1069, Time: 00:09:48

Health: 44/44      AC:  3    Str: 11    XL:     6   Next: 98%
Magic:  14/14      EV: 15    Int: 20    God:    Cheibriados [......]
Gold:   85         SH:  0    Dex: 17    Spells: 0/15 levels left

rFire    . . .     SeeInvis .   j - +0 long sword
rCold    . . .     Gourm    .   (no shield)
rNeg     . . .     Faith    .   a - +0 robe
rPois    .         Spirit   .   E - +1 hat
rElec    .         Reflect  .   (no cloak)
rCorr    .         Harm     .   (no gloves)
MR       .....     Rnd*Tele +   (no boots)
Stlth    +.........             (no amulet)
HPRegen  0.14/turn              k - ring of teleportation (curse)
MPRegen  0.14/turn              (no ring)

@: confused, very slow
A: distributed training, fangs 1, strong nose
a: Bend Time, Renounce Religion


You were on level 6 of the Dungeon.
You worshipped Cheibriados.
Cheibriados was noncommittal.
You were not hungry.

You visited 2 branches of the dungeon, and saw 8 of its levels.

You collected 85 gold pieces.

Inventory:

Hand Weapons
 j - a +0 long sword (weapon)
 l - a +0 rapier
 p - a +0 war axe
Armour
 a - a +0 robe (worn)
 n - a +0 helmet
 E - a +1 hat (worn)
Jewellery
 k - a cursed ring of teleportation (left hand)
   (You found it on level 3 of the Dungeon)
Wands
 m - a wand of polymorph (7)
 q - a wand of random effects (15)
 w - a wand of digging (1)
Scrolls
 d - a scroll of amnesia {unknown}
 h - a scroll of identify {unknown}
 i - a scroll of enchant weapon {unknown}
 t - a scroll of magic mapping {unknown}
 u - a scroll of immolation {unknown}
Potions
 e - a potion of curing {unknown}
 f - a potion of degeneration {unknown}
 g - a potion of magic {unknown}
 o - a potion of heal wounds
 r - a potion of agility {unknown}
 s - a potion of haste {unknown}
Books
 b - a book of Flames

   Spells                             Type                      Level
   a - Flame Tongue                   Conjuration/Fire             1
   b - Throw Flame                    Conjuration/Fire             2
   c - Conjure Flame                  Conjuration/Fire             3
   d - Inner Flame                    Hexes/Fire                   3
   e - Sticky Flame                   Conjuration/Fire             4
   f - Fireball                       Conjuration/Fire             5
 v - a Young Poisoner's Handbook
   (You found it on level 6 of the Dungeon)

   Spells                             Type                      Level
   a - Sting                          Conjuration/Poison           1
   b - Poisonous Vapours              Poison/Air                   2
   c - Mephitic Cloud                 Conjuration/Poison/Air       3
   d - Olgreb's Toxic Radiance        Poison                       4
   e - Venom Bolt                     Conjuration/Poison           5
Comestibles
 c - 5 rations


   Skills:
 + Level 2.1 Fighting
 + Level 2.1 Short Blades
 + Level 2.1 Long Blades
 + Level 2.1 Axes
 + Level 2.1 Maces & Flails
 + Level 2.1 Polearms
 + Level 2.1 Staves
 + Level 2.1 Slings
 + Level 2.1 Bows
 + Level 2.1 Crossbows
 + Level 2.1 Throwing
 + Level 2.1 Armour
 + Level 5.0 Dodging
 + Level 4.7 Stealth
 + Level 2.1 Shields
 + Level 2.1 Unarmed Combat
 + Level 5.4 Spellcasting
 + Level 2.7 Conjurations
 + Level 1.7 Hexes
 + Level 1.7 Charms
 + Level 1.7 Summonings
 + Level 1.7 Necromancy
 + Level 1.7 Translocations
 + Level 1.7 Transmutations
 + Level 5.7 Fire Magic
 + Level 1.7 Ice Magic
 + Level 1.7 Air Magic
 + Level 1.7 Earth Magic
 + Level 1.7 Poison Magic
 + Level 2.3 Invocations
 + Level 2.1 Evocations


You couldn't memorise any spells.
You knew the following spells:

 Your Spells              Type           Power        Failure   Level  Hunger
a - Flame Tongue          Conj/Fire      ###..        1%          1    None
c - Conjure Flame         Conj/Fire      ###.....     6%          3    ##.....
f - Throw Flame           Conj/Fire      ###...       3%          2    None
i - Sticky Flame          Conj/Fire      ###.....     19%         4    ####...
m - Mephitic Cloud        Conj/Pois/Air  ##......     14%         3    ##.....
o - Poisonous Vapours     Pois/Air       ##....       9%          2    None


Dungeon Overview and Level Annotations

Branches:
Dungeon (7/15)             Temple (1/1) D:6

Altars:
Ashenzari
Cheibriados
Dithmenos
Elyvilon
Fedhas
Gozag
Hepliaklqana
Kikubaaqudgha
Makhleb
Nemelex Xobeh
Okawaru
Qazlal
Ru
Sif Muna
Trog
Uskayaw
Vehumet
Wu Jian
Xom
Yredelemnul
Zin
The Shining One

Annotations:
D:5 Amaterasu's ghost, novice NaWn


Innate Abilities, Weirdness & Mutations

Your experience applies equally to all skills.
You have very sharp teeth.
Your uncanny sense of smell can sniff out nearby items.


Message History

You easily resist.
The golden eye blinks at you.
You are more confused.
The golden eye blinks!
The golden eye blinks at you.
You easily resist.
The golden eye blinks at you.
You are more confused.
You miss the golden eye.
You bite the golden eye, but do no damage.
The golden eye is lightly wounded.
The golden eye blinks at you.
You are more confused.
You bump into the rock wall.
The golden eye blinks! x2
You bump into the rock wall.
You bump into the rock wall.
The golden eye turns its gaze towards you.
The golden eye turns its gaze towards you.
The golden eye blinks at you.
You are more confused.
You completely miss the golden eye.
You bump into the rock wall.
The golden eye turns its gaze towards you.
The golden eye blinks at you.
You are more confused.
You completely miss the golden eye. The golden eye blinks at you.
You are more confused.
The golden eye turns its gaze towards you.
The golden eye blinks at you.
You are more confused.
The golden eye blinks at you.
The golden eye turns its gaze towards you.
You bump into the rock wall.
The golden eye blinks at you.
You are more confused.
You bump into the rock wall.
The golden eye blinks at you.
You are more confused.
You closely miss the golden eye. The golden eye blinks at you.
You resist with almost no effort.
You miss the golden eye. Your bite misses the golden eye.
The golden eye blinks at you.
You are more confused.
You bump into the rock wall.
You completely miss the golden eye.
The golden eye blinks!
The golden eye blinks at you.
You are more confused.
The golden eye turns its gaze towards you.
You miss the golden eye. Your punch misses the golden eye.
Your bite misses the golden eye.
The golden eye blinks! x2
You bump into the rock wall.
Evoke which item? (* to show all) (? for menu, Esc to quit)
Really evoke
q - a wand of random effects (15)?
This could place you under penance! [Y]es or [N]o only, please.
Really evoke
q - a wand of random effects (15)?
This could place you under penance!
You're too confused!
You bump into the rock wall.
The golden eye blinks at you.
You are more confused.
The golden eye blinks at you.
You are more confused.
You bump into the rock wall.
The golden eye blinks at you.
You are more confused.
The golden eye blinks at you.
You are more confused.
The golden eye turns its gaze towards you.
The golden eye pulsates ominously.
The golden eye blinks at you.
You are more confused.
You bump into the rock wall.
You bump into the rock wall.
The golden eye blinks at you.
You are more confused.
The golden eye turns its gaze towards you.
The golden eye blinks at you.
You are more confused.
The golden eye blinks at you.
You are more confused.
You bump into the rock wall.
The golden eye turns its gaze towards you.
The golden eye blinks at you.
You are more confused.
You bump into the rock wall.
The golden eye turns its gaze towards you.
You bump into the rock wall.
The golden eye blinks at you.
You are more confused.
You bump into the rock wall.
The golden eye blinks at you.
You are more confused.
You bump into the rock wall.
The golden eye blinks at you.
You are more confused.
You bump into the rock wall.
The golden eye turns its gaze towards you.
The golden eye blinks!
Are you sure you want to abandon this character and quit the game? (Confirm with "yes".)

.......# #.#
######## #.# #.# #.#
#.# #.# #.## #
#..#####
####.##.##.@######.#
#..........G.......#
#.#####...##########
##..## . ##..## (.
##...#
....#####..#.#
.)......))...#
....##########


You could see a golden eye.

Vanquished Creatures
  A crocodile (D:6)
  A bullfrog (D:6)
  A scorpion (D:6)
  2 killer bees (D:6)
  A bullfrog zombie (D:5)
  A hound (D:6)
  A hound skeleton (D:5)
  4 adders
  A worm (D:6)
  A leopard gecko (D:6)
  10 orcs
  A giant cockroach (D:1)
  2 goblins (D:1)
  3 jackals (D:1)
  2 frilled lizards
  3 kobolds (D:1)
  A leopard gecko skeleton (D:6)
  3 rats
39 creatures vanquished.

Notes
Turn   | Place    | Note
-------+----------+-------------------------------------------
     0 | D:1      | tidbits the Gnoll Fire Elementalist began the quest for the Orb.
     0 | D:1      | Reached XP level 1. HP: 13/13 MP: 6/6
   105 | D:1      | Reached skill level 2 in Conjurations
   153 | D:2      | Reached XP level 2. HP: 14/19 MP: 2/7
   157 | D:2      | Learned a level 2 spell: Throw Flame
   324 | D:5      | Entered Level 5 of the Dungeon
   343 | D:6      | Reached skill level 5 in Spellcasting
   343 | D:6      | Reached XP level 3. HP: 25/25 MP: 4/9
   354 | D:6      | Noticed a scorpion
   367 | D:6      | Killed a scorpion
   367 | D:6      | Reached skill level 1 in Fighting
   367 | D:6      | Reached skill level 1 in Short Blades
   367 | D:6      | Reached skill level 1 in Long Blades
   367 | D:6      | Reached skill level 1 in Axes
   367 | D:6      | Reached skill level 1 in Maces & Flails
   367 | D:6      | Reached skill level 1 in Polearms
   367 | D:6      | Reached skill level 1 in Staves
   367 | D:6      | Reached skill level 1 in Slings
   367 | D:6      | Reached skill level 1 in Bows
   367 | D:6      | Reached skill level 1 in Crossbows
   367 | D:6      | Reached skill level 1 in Throwing
   367 | D:6      | Reached skill level 1 in Armour
   367 | D:6      | Reached skill level 1 in Shields
   367 | D:6      | Reached skill level 1 in Unarmed Combat
   367 | D:6      | Reached skill level 1 in Invocations
   367 | D:6      | Reached skill level 1 in Evocations
   367 | D:6      | Reached XP level 4. HP: 11/32 MP: 0/11
   394 | D:6      | Noticed a bullfrog
   397 | D:6      | Found a staircase to the Ecumenical Temple.
   404 | D:6      | Killed a bullfrog
   404 | D:6      | Reached skill level 1 in Hexes
   404 | D:6      | Reached skill level 1 in Charms
   404 | D:6      | Reached skill level 1 in Summonings
   404 | D:6      | Reached skill level 1 in Necromancy
   404 | D:6      | Reached skill level 1 in Translocations
   404 | D:6      | Reached skill level 1 in Transmutations
   404 | D:6      | Reached skill level 1 in Ice Magic
   404 | D:6      | Reached skill level 1 in Air Magic
   404 | D:6      | Reached skill level 1 in Earth Magic
   404 | D:6      | Reached skill level 1 in Poison Magic
   404 | D:6      | Reached XP level 5. HP: 10/37 MP: 4/12
   420 | Temple   | Entered the Ecumenical Temple
   444 | Temple   | Became a worshipper of Cheibriados the Contemplative
   585 | D:6      | Noticed an orc warrior
   586 | D:6      | Noticed an orc warrior
   599 | D:5      | Learned a level 4 spell: Sticky Flame
   603 | D:5      | Learned a level 3 spell: Conjure Flame
   706 | D:5      | Found an ancient bone altar of Kikubaaqudgha.
   770 | D:5      | Noticed Amaterasu's ghost (novice NaWn)
   816 | D:6      | Reached skill level 2 in Invocations
   816 | D:6      | Reached XP level 6. HP: 38/44 MP: 6/13
   829 | D:6      | an orc warrior changed into a worm
   869 | D:6      | Learned a level 2 spell: Poisonous Vapours
   873 | D:6      | Learned a level 3 spell: Mephitic Cloud
   896 | D:7      | Noticed an orc warrior
   905 | D:6      | Reached skill level 2 in Fighting
   905 | D:6      | Reached skill level 2 in Short Blades
   905 | D:6      | Reached skill level 2 in Long Blades
   905 | D:6      | Reached skill level 2 in Axes
   905 | D:6      | Reached skill level 2 in Maces & Flails
   905 | D:6      | Reached skill level 2 in Polearms
   905 | D:6      | Reached skill level 2 in Staves
   905 | D:6      | Reached skill level 2 in Slings
   905 | D:6      | Reached skill level 2 in Bows
   905 | D:6      | Reached skill level 2 in Crossbows
   905 | D:6      | Reached skill level 2 in Throwing
   905 | D:6      | Reached skill level 2 in Armour
   905 | D:6      | Reached skill level 5 in Dodging
   905 | D:6      | Reached skill level 2 in Shields
   905 | D:6      | Reached skill level 2 in Unarmed Combat
   905 | D:6      | Reached skill level 2 in Evocations
   967 | D:6      | Noticed a naga
   967 | D:6      | an orc warrior changed into a naga
   973 | D:6      | Was placed under penance by Cheibriados
   977 | D:6      | Was forgiven by Cheibriados
   993 | D:6      | Noticed a golden eye
  1069 | D:6      | Quit the game

Skill      XL: |  1  2  3  4  5  6 |
---------------+-------------------+-----
Conjurations   | 2 |  2.7
Spellcasting   | 5 |  5.4
Fighting       | 1 2 |  2.1
Short Blades   | 1 2 |  2.1
Long Blades    | 1 2 |  2.1
Axes           | 1 2 |  2.1
Maces & Flails | 1 2 |  2.1
Polearms       | 1 2 |  2.1
Staves         | 1 2 |  2.1
Slings         | 1 2 |  2.1
Bows           | 1 2 |  2.1
Crossbows      | 1 2 |  2.1
Throwing       | 1 2 |  2.1
Armour         | 1 2 |  2.1
Shields        | 1 2 |  2.1
Unarmed Combat | 1 2 |  2.1
Invocations    | 1 2 |  2.3
Evocations     | 1 2 |  2.1
Hexes          | 1 |  1.7
Charms         | 1 |  1.7
Summonings     | 1 |  1.7
Necromancy     | 1 |  1.7
Translocations | 1 |  1.7
Transmutations | 1 |  1.7
Ice Magic      | 1 |  1.7
Air Magic      | 1 |  1.7
Earth Magic    | 1 |  1.7
Poison Magic   | 1 |  1.7
Dodging        | 5 |  5.0
Stealth        | |  4.7
Fire Magic     | |  5.7

Action                   |  1- 3 |  4- 6 || total
-------------------------+-------+-------++-------
Melee: Unarmed           |    10 |       ||    10
       Long sword        |     3 |    36 ||    39
       Rapier            |       |     3 ||     3
       Bite              |       |     5 ||     5
 Cast: Flame Tongue      |    31 |    20 ||    51
       Throw Flame       |     1 |       ||     1
       Sticky Flame      |       |     4 ||     4
       Poisonous Vapours |       |     5 ||     5
       Conjure Flame     |       |     1 ||     1
       Mephitic Cloud    |       |     1 ||     1
Evoke: Wand              |       |    11 ||    11
  Use: Potion            |       |     1 ||     1
 Stab: Sleeping          |       |     2 ||     2
  Eat: Ration            |       |     1 ||     1
Armor: Robe              |     3 |     9 ||    12
Dodge: Dodged            |     9 |    57 ||    66
       Rpst.: Long sword |       |    15 ||    15

Table legend:
 A = Turns spent in this place as a percentage of turns spent in the entire game.
 B = Non-inter-level travel turns spent in this place as a percentage of non-inter-level travel turns spent in the entire game.
 C = Inter-level travel turns spent in this place as a percentage of turns spent in this place.
 D = Turns resting spent in this place as a percentage of non-inter-level travel turns spent in this place.
 E = Turns spent auto-exploring this place as a percentage of non-inter-level travel turns spent in this place.
 F = Non-inter-level travel turns spent in this place divided by the number of levels of this place that you've seen.
                   A       B       C       D       E      F
               +-------+-------+-------+-------+-------+----------------------
         Total | 100.0 | 100.0 |   0.0 |   0.0 |   0.0 | 133.6
       Dungeon |  95.3 |  95.3 |   0.0 |   0.0 |   0.0 | 145.6
        Temple |   4.7 |   4.7 |   0.0 |   0.0 |   0.0 |  50.0
               +-------+-------+-------+-------+-------+----------------------

Table legend:
 A = Kills in this place as a percentage of kills in entire the game.
 B = Kills by you in this place as a percentage of kills by you in the entire game.
 C = Kills by friends in this place as a percentage of kills by friends in the entire game.
 D = Other kills in this place as a percentage of other kills in the entire game.
 E = Experience gained in this place as a percentage of experience gained in the entire game.
 F = Experience gained in this place divided by the number of levels of this place that you have seen.
                   A       B       C       D       E      F
               +-------+-------+-------+-------+-------+----------------------
         Total | 100.0 | 100.0 |   N/A | 100.0 | 100.0 |  76.8
       Dungeon | 100.0 | 100.0 |   N/A | 100.0 | 100.0 |  87.7
               +-------+-------+-------+-------+-------+----------------------

Vault maps used:
D:1:      shiori_arrival_oz, corexii_hall_statues_deadend
D:2:      dk_vineyard_2, uniq_jessica, uniq_crazy_yiuf_cottage
D:3:      chequers_ecumenical_altar_simple, first_ration, uniq_grinder,
          uniq_natasha
D:4:      minmay_cut_off
D:5:      lemuel_ratsnest, kiku_gazebo_pond_becter
D:6:      temple_pool_b
D:7:      cheibrodos_two_vegetables, the_bakery, trog_ov_bears_minmay
Temple:   nicolae_temple_the_god_donut
